 Dungeon Crawl Stone Soup version 0.22-a0-362-g535178c (webtiles) character file.

2125 Amnesiac the Ducker (level 9, 0/68 HPs)
             Began as a Mummy Wizard on Apr 21, 2018.
             Was a Believer of Kikubaaqudgha.
             Slain by a hippogriff (5 damage)
             ... on level 7 of the Dungeon.
             The game lasted 00:15:56 (8192 turns).

Amnesiac the Ducker (Mummy Wizard)                  Turns: 8192, Time: 00:15:56

Health: 0/68       AC:  4    Str: 10    XL:     9   Next: 8%
Magic:  9/16       EV: 14    Int: 21    God:    Kikubaaqudgha [**....]
Gold:   604        SH:  0    Dex: 10    Spells: 7/18 levels left

rFire    . . .     SeeInvis .   u - +0 dire flail (protect)
rCold    . . .     Gourm    .   (shield currently unavailable)
rNeg     + + +     Faith    .   a - +0 robe
rPois    ∞         Spirit   .   (no helmet)
rElec    .         Reflect  .   r - +0 cloak
rCorr    .         Harm     .   (no gloves)
MR       +....                  o - +0 pair of boots
Stlth    ++........             (no amulet)
HPRegen  0.21/turn              f - ring of fire
MPRegen  0.15/turn              (no ring)

@: very slightly contaminated
A: no food or potions, fire vulnerability, cold resistance 1, negative energy
resistance 3, torment resistance, unbreathing
a: Receive Corpses, Renounce Religion


You were on level 7 of the Dungeon.
You worshipped Kikubaaqudgha.
Kikubaaqudgha was pleased with you.
You were not hungry.

You visited 2 branches of the dungeon, and saw 9 of its levels.
You also visited: Ossuary.

You collected 604 gold pieces.

Inventory:

Hand Weapons
 q - a +2 short sword of distortion
 u - a +0 dire flail of protection (weapon)
Missiles
 e - 274 stones (quivered)
 j - 29 sling bullets
Armour
 a - a +0 robe (worn)
 o - a +0 pair of boots (worn)
 r - a +0 cloak (worn)
Magical Staves
 n - an uncursed staff of earth
Jewellery
 f - a ring of fire (left hand)
 i - an uncursed ring of fire
Wands
 t - a wand of polymorph (2)
 v - a wand of iceblast (9)
Scrolls
 b - a scroll of enchant weapon {!r, unknown}
 c - 4 scrolls of teleportation {!r}
 d - a scroll of random uselessness {!r, unknown}
 g - a scroll of fog {!r, unknown}
 h - 3 scrolls of remove curse {!r}
 k - a scroll of magic mapping {!r}
 l - a scroll of immolation {!r}
 m - 2 scrolls of identify {!r}
 p - 3 scrolls of amnesia {!r}
 s - a scroll of noise {!r}
 w - a scroll of blinking {!r}


   Skills:
 + Level 5.1 Fighting
 * Level 6.5 Dodging
 - Level 1.5 Stealth
 - Level 5.0 Spellcasting
 - Level 4.0 Conjurations
 - Level 0.7 Summonings
 - Level 5.0 Necromancy
 - Level 0.7 Translocations


You had 7 spell levels left.
You knew the following spells:

 Your Spells              Type           Power        Failure   Level  Hunger
a - Magic Dart            Conj           ###.         1%          1    N/A
b - Call Imp              Summ           #.......     12%         2    N/A
e - Mephitic Cloud        Conj/Pois/Air  ##......     19%         3    N/A
s - Conjure Flame         Conj/Fire      ###.....     14%         3    N/A
v - Blink                 Tloc           N/A          12%         2    N/A

Dungeon Overview and Level Annotations

Branches:
Dungeon (8/15)             Temple (1/1) D:4
   Lair: D:8-11

Altars:
Ashenzari
Cheibriados
Dithmenos
Elyvilon
Fedhas
Gozag
Hepliaklqana
Kikubaaqudgha
Makhleb
Nemelex Xobeh
Okawaru
Qazlal
Ru
Sif Muna
Trog
Uskayaw
Vehumet
Wu Jian
Xom
Yredelemnul
Zin
The Shining One


Innate Abilities, Weirdness & Mutations

You do not eat or drink.
Your flesh is vulnerable to fire.
You are immune to poison.
Your flesh is cold resistant. (rC+)
You are immune to negative energy. (rN+++)
You are immune to unholy pain and torment.
You can survive without breathing.


Message History

The hippogriff bites you!
* * * LOW HITPOINT WARNING * * *
The hippogriff pecks you but does no damage.
The hippogriff claws you.
* * * LOW HITPOINT WARNING * * *
Casting: Magic Dart (safe; 1% risk of failure)
Confirm with . or Enter, or press ? or * to list all spells.
You miscast Blink.
You are very lightly contaminated with residual magic.
The air around you crackles with energy!
The hippogriff misses you. The hippogriff pecks you.
* * * LOW HITPOINT WARNING * * *
The hippogriff claws you!
* * * LOW HITPOINT WARNING * * *
Casting: Blink (safe; 12% risk of failure)
Confirm with . or Enter, or press ? or * to list all spells.
You blink.
The hippogriff bites you.
* * * LOW HITPOINT WARNING * * *
The hippogriff pecks you.
* * * LOW HITPOINT WARNING * * *
The hippogriff claws you!
* * * LOW HITPOINT WARNING * * *
Casting: Blink (safe; 12% risk of failure)
Confirm with . or Enter, or press ? or * to list all spells.
You blink.
Really walk into that teleport trap?
You enter a teleport trap!
The teleport trap disappears.
Your surroundings seem slightly different.
You see here a mace.
Your magical contamination has completely faded away.
You see here a flail.
Casting: Blink (safe; 12% risk of failure)
Confirm with . or Enter, or press ? or * to list all spells.
Aiming: Conjure Flame (safe; 14% risk of failure)
Press: ? - help, Dir - move target cursor You feel a surge of power!
The fire ignites!
Casting: Conjure Flame (safe; 14% risk of failure)
Confirm with . or Enter, or press ? or * to list all spells.
Okay, then.
Casting: Conjure Flame (safe; 14% risk of failure)
Confirm with . or Enter, or press ? or * to list all spells.
You miscast Call Imp.
You are very lightly contaminated with residual magic.
Distant voices call out to you!
The hippogriff is engulfed in blazing flames.
The hippogriff bites you.
* * * LOW HITPOINT WARNING * * *
The hippogriff pecks you.
* * * LOW HITPOINT WARNING * * *
The hippogriff barely misses you.
Casting: Call Imp (safe; 12% risk of failure)
Confirm with . or Enter, or press ? or * to list all spells.
A beastly little devil appears in a puff of frigid air.
The hippogriff is engulfed in blazing flames.
The hippogriff barely misses you. The hippogriff pecks you!
* * * LOW HITPOINT WARNING * * *
The hippogriff claws you.
* * * LOW HITPOINT WARNING * * *
Unknown command.
The hippogriff is engulfed in blazing flames.
The hippogriff misses you. The hippogriff pecks you.
You die...
Kikubaaqudgha rasps: "You have failed me!
Welcome... oblivion!"

..######.###########.............
#....%>....###........##.....####
#######.##...................##
#.###.####....###.......#
#.###......##...#.......# ##
#...........###.........##
.########..######...##.........#
............#######.###........#
......###.#....H@.5..###..%..%<#
._........############ #.......#
.......#### #.......# ......##
#.[.....# .8.._.# #.......#
......# #.......# ......#
#.......# ._..).# #########
...#..#


You could see a hippogriff and a friendly white imp.

Vanquished Creatures
  The ghost of Totori the Digger, a novice DrEE of Ashenzari (D:5)
  Sigmund (D:6)
  A wyvern (D:8)
  Eustachio (D:6)
  A hungry ghost (D:7)
  Edmund (D:5)
  An orc warrior (D:7)
  A phantom (D:7)
  An eye of draining (D:7)
  A bullfrog (D:4)
  A bullfrog zombie (D:6)
  A hound (D:6)
  2 jellies
  2 bullfrog skeletons
  3 centaur skeletons
  An iguana (D:6)
  3 worker ants
  2 big kobold zombies (Ossuary)
  A howler monkey zombie (D:6)
  A mummy (Ossuary)
  8 adders
  3 shadow imps
  A worm (D:2)
  4 dart slugs
  4 leopard geckos
  3 orcs
  2 ball pythons
  2 giant cockroaches
  7 goblins
  3 hobgoblins
  A quokka (D:6)
  14 bats
  4 frilled lizards
  7 hobgoblin zombies (Ossuary)
  A jackal zombie (Ossuary)
  16 kobolds
  17 kobold zombies (Ossuary)
  A leopard gecko skeleton (D:5)
  6 orc zombies (Ossuary)
  8 rats
  2 rat zombies (Ossuary)
  A fungus (D:2)
142 creatures vanquished.

Vanquished Creatures (collateral kills)
  A hungry ghost (D:7)
  An ogre (D:7)
  The ghost of TheNamelessOne the Digger, an amateur OpEE of Vehumet (D:3)
  A scorpion (D:4)
  2 crimson imps
  A quasit (D:6)
  An orc wizard (D:7)
  Crazy Yiuf (D:3)
  A worker ant (D:4)
  A mummy (Ossuary)
  An ooze (D:1)
  An orc (D:4)
  A hobgoblin (D:1)
  A goblin zombie (Ossuary)
  A kobold zombie (Ossuary)
16 creatures vanquished.

Vanquished Creatures (others)
  A fungus (D:8)
1 creature vanquished.

Grand Total: 159 creatures vanquished

Notes
Turn   | Place    | Note
-------+----------+-------------------------------------------
     0 | D:1      | Amnesiac the Mummy Wizard began the quest for the Orb.
     0 | D:1      | Reached XP level 1. HP: 13/13 MP: 5/5
    82 | D:2      | Reached skill level 1 in Conjurations
   141 | D:3      | Noticed TheNamelessOne's ghost (amateur OpEE)
   155 | D:4      | Found a sand-covered staircase.
   164 | D:4      | Noticed a worker ant
   173 | Ossuary  | Entered an ossuary
   360 | Ossuary  | Reached skill level 2 in Dodging
   360 | Ossuary  | Reached XP level 2. HP: 20/20 MP: 0/7
   364 | Ossuary  | Learned a level 2 spell: Call Imp
  1205 | Ossuary  | Reached skill level 1 in Fighting
  1239 | Ossuary  | Reached XP level 3. HP: 26/26 MP: 0/8
  1244 | Ossuary  | Learned a level 3 spell: Conjure Flame
  1591 | Ossuary  | Reached XP level 4. HP: 30/32 MP: 6/10
  1632 | D:4      | Learned a level 3 spell: Mephitic Cloud
  1635 | D:4      | Learned a level 2 spell: Blink
  1636 | D:4      | Reached skill level 3 in Dodging
  2034 | D:4      | Found a staircase to the Ecumenical Temple.
  2040 | Temple   | Entered the Ecumenical Temple
  2222 | Temple   | Became a worshipper of Kikubaaqudgha
  2296 | D:4      | Noticed a bullfrog
  2306 | D:4      | Killed a bullfrog
  2306 | D:4      | Reached XP level 5. HP: 33/39 MP: 5/11
  2757 | D:1      | Reached * piety under Kikubaaqudgha
  2757 | D:1      | Identified Kikubaaqudgha's Compendium of Unholy Magic (Kikubaaqudgha gifted it to you on level 1 of the Dungeon)
  2757 | D:1      | Received a gift from Kikubaaqudgha
  3544 | D:2      | Reached XP level 6. HP: 45/46 MP: 2/12
  3720 | D:3      | Killed TheNamelessOne's ghost
  3720 | D:3      | Reached skill level 4 in Dodging
  3945 | D:3      | Found a runed door.
  4155 | D:3      | Noticed Crazy Yiuf
  4161 | D:3      | Killed Crazy Yiuf
  4280 | D:4      | Reached ** piety under Kikubaaqudgha
  4419 | D:5      | Entered Level 5 of the Dungeon
  4494 | D:5      | Noticed Totori's ghost (novice DrEE)
  4511 | D:5      | Killed Totori's ghost
  4511 | D:5      | Reached skill level 5 in Dodging
  4511 | D:5      | Reached XP level 7. HP: 40/53 MP: 2/13
  4689 | D:5      | Found a shattered altar of Ashenzari.
  4857 | D:5      | Noticed Edmund
  4871 | D:5      | Killed Edmund
  5424 | D:6      | Reached XP level 8. HP: 61/61 MP: 7/14
  5433 | D:6      | Noticed Eustachio
  5963 | D:6      | Reached skill level 6 in Dodging
  6237 | D:6      | Killed Eustachio
  6320 | D:6      | Found an ornate altar of the Wu Jian Council.
  6333 | D:6      | Noticed Sigmund
  6388 | D:6      | Killed Sigmund
  6833 | D:7      | Found a burning altar of Makhleb.
  6836 | D:7      | Found a snail-covered altar of Cheibriados.
  6836 | D:7      | Found a blossoming altar of Fedhas.
  6838 | D:7      | Found a sparkling altar of Nemelex Xobeh.
  6838 | D:7      | Found a bloodstained altar of Trog.
  7564 | D:7      | Reached skill level 5 in Spellcasting
  7757 | D:7      | Reached skill level 5 in Necromancy
  8021 | D:8      | Reached skill level 5 in Fighting
  8021 | D:8      | Reached XP level 9. HP: 49/68 MP: 9/16
  8192 | D:7      | Slain by a hippogriff

Vault maps used:
D:1:      minmay_arrival_wavy_path, minmay_heptomino_w4
D:2:      minmay_gold_behind_fungi
D:3:      uniq_crazy_yiuf_cottage
D:4:      minmay_temple_entry_metal_lava, first_ration,
          lightli_ossuary_entry_decrepit_ruins
D:5:      nicolae_overflow_hidden_temple, roderic_roman_lattice, uniq_edmund
D:6:      basic_altar, uniq_eustachio, uniq_sigmund
D:7:      kennysheep_six_static_rooms, grunt_temple_overflow_open
D:8:      dpeg_oklobed_lair
Temple:   regret_index_temple_sphere_string
Ossuary:  ossuary_tomb_1

Skill      XL: |  1  2  3  4  5  6  7  8 |
---------------+-------------------------+-----
Conjurations   | 1 2 3 4 |  4.0
Dodging        | 2 3 5 6 |  6.5
Fighting       | 1 2 3 4 5 |  5.1
Necromancy     | 5 |  5.0
Spellcasting   | 5 |  5.0
Stealth        | |  1.5
Summonings     | |  0.7
Translocations | |  0.7

Action                   |  1- 3 |  4- 6 |  7- 9 || total
-------------------------+-------+-------+-------++-------
Melee: Short sword       |    63 |    86 |     3 ||   152
       Dire flail        |       |       |   173 ||   173
 Cast: Magic Dart        |    94 |   126 |    45 ||   265
       Call Imp          |     6 |    11 |    31 ||    48
       Conjure Flame     |     3 |     4 |    11 ||    18
       Mephitic Cloud    |       |     2 |    12 ||    14
       Blink             |       |       |     3 ||     3
  Use: Scroll            |       |       |     8 ||     8
 Stab: Sleeping          |     1 |       |     1 ||     2
       Confused          |       |     1 |     3 ||     4
Armor: Robe              |     6 |    19 |    79 ||   104
Dodge: Dodged            |    50 |    94 |   216 ||   360

Table legend:
 A = Spawn XP
 B = Non-spawn XP
 C = Spawn XP percentage of total XP
 D = Spawn monster count
 E = Non-spawn monster count
 F = Spawn count percentage of total count
 G = Total turns spent on level
                    A         B        C        D         E        F      G
               +---------+---------+-------+---------+---------+-------+---------
         Total |       0 |    3036 |   0.0 |       0 |     157 |   0.0 |  8192
               +---------+---------+-------+---------+---------+-------+---------
           D:1 |       0 |      50 |   0.0 |       0 |      25 |   0.0 |   804
           D:2 |       0 |      77 |   0.0 |       0 |      24 |   0.0 |   687
           D:3 |       0 |     111 |   0.0 |       0 |      16 |   0.0 |   513
           D:4 |       0 |     257 |   0.0 |       0 |       8 |   0.0 |   756
           D:5 |       0 |     787 |   0.0 |       0 |      13 |   0.0 |   978
           D:6 |       0 |     645 |   0.0 |       0 |      15 |   0.0 |  1602
           D:7 |       0 |     729 |   0.0 |       0 |      11 |   0.0 |  1062
           D:8 |       0 |     275 |   0.0 |       0 |       6 |   0.0 |   131
       Ossuary |       0 |     105 |   0.0 |       0 |      39 |   0.0 |  1448
               +---------+---------+-------+---------+---------+-------+---------
